 Dungeon Sprint DCSS version 0.27-a0-1332-g84bddb5ca7 (webtiles) character file.

Game seed: 15481435650561476964

5379 mhtbhm the Eclecticist (level 10, -5/54 HPs)
             Began as a Deep Elf Earth Elementalist on June 25, 2021.
             Was a High Priest of Vehumet.
             Slain by a komodo dragon (23 damage)
             ... in the Dungeon (Sprint IX: "|||||||||||||||||||||||||||||").
             The game lasted 00:02:59 (1184 turns).

mhtbhm the Eclecticist (DEEE)                       Turns: 1184, Time: 00:03:00

Health: -5/54      AC:  6    Str:  5    XL:     10   Next: 39%
Magic:  23/36      EV: 17    Int: 24    God:    Vehumet [*****.]
Gold:   8          SH:  0    Dex: 15    Spells: 31/49 levels left

rFire    . . .     SeeInvis .   a - +2 rapier (drain)
rCold    . . .     Faith    .   (no shield)
rNeg     . . .     Spirit   .   b - +0 robe
rPois    .         Reflect  .   (no helmet)
rElec    .         Harm     .   l - +0 cloak
rCorr    .         Rampage  .   (no gloves)
Will     +....     NoTele   +   m - +0 pair of boots
Stlth    +++.......             (no amulet)
HPRegen  0.18/turn              o - +2 ring of evasion
MPRegen  0.25/turn              p - +2 ring of protection

@: slowed, very slow
A: no striking features
a: Renounce Religion


You were in the Dungeon.
You worshipped Vehumet.
Vehumet was extremely pleased with you.
You visited 1 branch You collected 8 gold pieces.

Inventory:

Hand Weapons
 a - a +2 rapier of draining (weapon)
Missiles
 i - 2 stones
Armour
 b - a +0 robe (worn)
 l - a +0 cloak (worn)
 m - a +0 pair of boots (worn)
Jewellery
 o - a +2 ring of evasion (left hand)
 p - a +2 ring of protection (right hand)
Wands
 k - a wand of acid (7)
Scrolls
 h - 3 scrolls of blinking
 j - 2 scrolls of amnesia
 t - 2 scrolls of enchant weapon
 u - a scroll of fog
 v - 2 scrolls of identify
Potions
 c - 6 potions of curing
 d - 5 potions of heal wounds
 e - a potion of haste
 f - 3 potions of magic
 g - a potion of berserk rage
 n - a potion of invisibility
 q - a potion of brilliance
 r - a potion of mutation
 s - a potion of might


   Skills:
 + Level 2.4 Fighting
 + Level 7.5 Dodging
 + Level 6.3 Stealth
 + Level 20.0 Spellcasting
 + Level 1.3 Conjurations
 + Level 1.6 Transmutations
 + Level 17.0 Earth Magic
 + Level 2.7 Evocations


You had 31 spell levels left.
You knew the following spells:

 Your Spells              Type           Power      Damage    Failure   Level
a - Sandblast             Erth           100%       2d20      0%          1
b - Passwall              Tmut/Erth      51%        N/A       1%          2
c - Stone Arrow           Conj/Erth      100%       3d13      1%          3
d - Lee's Rapid Deconstr  Erth           40%        3d21*     1%          5
e - Petrify               Tmut/Erth      62%        N/A       1%          4
f - Frozen Ramparts       Ice            48%        1d6       1%          3

Your spell library contained the following spells:

 Spells                   Type           Power      Damage    Failure   Level
 Freezing Cloud           Conj/Ice/Air   13%        6-21      12%         5


Dungeon Overview and Level Annotations

Branches:
Dungeon (1/1)

Altars:
Cheibriados
Dithmenos
Elyvilon
Fedhas
Gozag
Hepliaklqana
Kikubaaqudgha
Makhleb
Nemelex Xobeh
Okawaru
Qazlal
Ru
Sif Muna
Trog
Uskayaw
Vehumet
Wu Jian
Xom
Yredelemnul
Zin
The Shining One
Beogh
Jiyva
Lugonu


Message History

The komodo dragon bites you!!
The catoblepas breathes a plume of calcifying dust at you.
The blast of calcifying dust hits the torpor snail but does no damage.
The blast of calcifying dust hits the komodo dragon but does no damage.
The blast of calcifying dust hits you.
You are engulfed in calcifying dust.
You feel yourself speed up.
The komodo dragon is engulfed in calcifying dust.
The komodo dragon is moving more slowly.
The komodo dragon bites you!!
* * * LOW HITPOINT WARNING * * *
You turn to flesh and can move again.
Unknown command.
You are engulfed in calcifying dust.
You are slowing down.
The komodo dragon is engulfed in calcifying dust.
The komodo dragon stops moving altogether!
The komodo dragon is engulfed in calcifying dust.
Unknown command.
Your limbs are stiffening.
You have turned to stone.
Being near the torpor snail leaves you feeling lethargic.
The komodo dragon is no longer petrified.
The komodo dragon bites you!!
* * * LOW HITPOINT WARNING * * *
You turn to flesh and can move again.
You see here a water moccasin skeleton.
Unknown command.
Unknown command.
You feel much better. The komodo dragon closely misses you.
The komodo dragon bites you!
Unknown command.
Casting: Lee's Rapid Deconstruction (safe; 1% risk of failure)
Confirm with . or Enter, or press ? or * to list all spells.
Aiming: Petrify (safe; 1% risk of failure)
Press: ? - help, Shift-Dir - straight line, f - komodo dragon
Aim: a komodo dragon (moderately wounded, chance to affect: 62%)
The komodo dragon resists with significant effort.
The komodo dragon bites you!!
You die...

▓▓▓▓▓▓▓▓▓▓▓▓▓▓▓▓▓▓▓▓▓▓▓▓▓▓▓▓▓▓▓▓
.FSY.SYww.....l@'÷.....|......'.
▓▓▓▓▓▓▓▓▓▓▓▓▓▓▓▓▓▓▓▓▓▓▓▓▓▓▓▓▓▓▓▓▓
.................................
▓▓▓▓▓▓▓▓▓▓▓▓▓▓▓▓▓▓▓▓▓▓▓▓▓▓▓▓▓▓▓▓▓
______________________'.....)..††
▓▓▓▓▓▓▓▓▓▓▓▓▓▓▓▓▓▓▓▓▓▓▓▓▓▓▓▓▓▓▓▓▓


You could see a torpor snail (petrified) and a komodo dragon.

Vanquished Creatures
  2 centaur warriors (D)
  3 cane toads (D)
  4 komodo dragons (D)
  An efreet (D)
  A troll (D)
  A wyvern (D)
  2 wraiths (D)
  3 yaks (D)
  A vampire mosquito (D)
  4 water moccasins (D)
  A sky beast (D)
  A centaur (D)
  A phantom (D)
  A killer bee (D)
  A howler monkey (D)
  An adder (D)
  An adder skeleton (D)
  A dart slug (D)
  An orc (D)
  2 bats (D)
  2 rats (D)
35 creatures vanquished.

Notes
Turn   | Place    | Note
-------+----------+-------------------------------------------
     0 | D        | mhtbhm the Deep Elf Earth Elementalist began the quest for
                  | the Orb.
     0 | D        | Reached XP level 1. HP: 10/10 MP: 6/6
    14 | D        | Banished a spatial maelstrom
    40 | D        | Reached skill level 4 in Spellcasting
    41 | D        | Reached skill level 5 in Spellcasting
   138 | D        | Noticed a sky beast
   138 | D        | Noticed a phantom
   144 | D        | Reached XP level 2. HP: 13/15 MP: 3/10
   158 | D        | Killed a phantom
   159 | D        | Reached skill level 8 in Spellcasting
   159 | D        | Reached XP level 3. HP: 11/20 MP: 5/14
   159 | D        | Reached XP level 4. HP: 13/24 MP: 5/16
   161 | D        | Killed a sky beast
   162 | D        | Reached skill level 9 in Spellcasting
   162 | D        | Reached XP level 5. HP: 16/28 MP: 3/19
   170 | D        | Learned a level 2 spell: Passwall
   174 | D        | Learned a level 3 spell: Stone Arrow
   180 | D        | Learned a level 5 spell: Lee's Rapid Deconstruction
   185 | D        | Learned a level 4 spell: Petrify
   192 | D        | Found a snail-covered altar of Cheibriados.
   192 | D        | Found a shadowy altar of Dithmenos.
   192 | D        | Found a white marble altar of Elyvilon.
   192 | D        | Found a blossoming altar of Fedhas.
   192 | D        | Found an opulent altar of Gozag.
   193 | D        | Found a hazy altar of Hepliaklqana.
   194 | D        | Found a viscous altar of Jiyva.
   195 | D        | Found an ancient bone altar of Kikubaaqudgha.
   196 | D        | Found a corrupted altar of Lugonu.
   197 | D        | Found a burning altar of Makhleb.
   198 | D        | Found a sparkling altar of Nemelex Xobeh.
   199 | D        | Found an iron altar of Okawaru.
   200 | D        | Found a stormy altar of Qazlal.
   201 | D        | Found a sacrificial altar of Ru.
   202 | D        | Found a shimmering blue altar of Sif Muna.
   203 | D        | Found a bloodstained altar of Trog.
   204 | D        | Found a hide-covered altar of Uskayaw.
   205 | D        | Found a radiant altar of Vehumet.
   206 | D        | Found an ornate altar of the Wu Jian Council.
   207 | D        | Found a shimmering altar of Xom.
   208 | D        | Found a basalt altar of Yredelemnul.
   209 | D        | Found a glowing silver altar of Zin.
   210 | D        | Found a glowing golden altar of the Shining One.
   213 | D        | Became a worshipper of Vehumet
   292 | D        | Noticed a troll
   292 | D        | Noticed a yak
   292 | D        | Noticed a wraith
   292 | D        | Noticed a centaur
   292 | D        | Noticed a wyvern
   294 | D        | Killed a centaur
   295 | D        | Reached skill level 1 in Fighting
   295 | D        | Reached skill level 5 in Stealth
   295 | D        | Reached skill level 10 in Spellcasting
   297 | D        | Killed a wyvern
   298 | D        | Reached skill level 5 in Dodging
   298 | D        | Reached skill level 12 in Spellcasting
   298 | D        | Reached skill level 10 in Earth Magic
   298 | D        | Reached XP level 6. HP: 34/34 MP: 4/23
   298 | D        | Reached * piety under Vehumet
   298 | D        | Offered knowledge of Freeze by Vehumet.
   301 | D        | Killed a wraith
   302 | D        | Reached skill level 13 in Spellcasting
   302 | D        | Reached XP level 7. HP: 29/38 MP: 1/25
   305 | D        | Killed a yak
   306 | D        | Killed a troll
   306 | D        | Reached ** piety under Vehumet
   307 | D        | Reached skill level 14 in Spellcasting
   307 | D        | Reached skill level 1 in Evocations
   400 | D        | Noticed a centaur warrior
   400 | D        | Noticed a vampire mosquito
   400 | D        | Noticed an efreet
   400 | D        | Noticed a centaur warrior
   400 | D        | Noticed a wraith
   437 | D        | Killed a centaur warrior
   437 | D        | Offered knowledge of Foxfire by Vehumet.
   438 | D        | Reached skill level 15 in Spellcasting
   438 | D        | Reached XP level 8. HP: 38/44 MP: 19/29
   441 | D        | Killed an efreet
   441 | D        | Reached *** piety under Vehumet
   442 | D        | Reached skill level 16 in Spellcasting
   442 | D        | Reached XP level 9. HP: 36/48 MP: 6/31
   574 | D        | Killed a centaur warrior
   574 | D        | Offered knowledge of Frozen Ramparts by Vehumet.
   575 | D        | Reached skill level 17 in Spellcasting
   806 | D        | Learned a level 3 spell: Frozen Ramparts
   806 | D        | Noticed a cane toad
   806 | D        | Noticed a komodo dragon
   806 | D        | Noticed a cane toad
   810 | D        | Killed a cane toad
   810 | D        | Offered knowledge of Conjure Flame by Vehumet.
   811 | D        | Reached skill level 18 in Spellcasting
   811 | D        | Reached skill level 1 in Conjurations
   811 | D        | Reached skill level 15 in Earth Magic
   811 | D        | Reached **** piety under Vehumet
   812 | D        | Killed a komodo dragon
   814 | D        | Killed a cane toad
   814 | D        | Reached ***** piety under Vehumet
   815 | D        | Reached skill level 19 in Spellcasting
   815 | D        | Reached XP level 10. HP: 38/54 MP: 10/35
  1150 | D        | Noticed a cane toad
  1153 | D        | Offered knowledge of Freezing Cloud by Vehumet.
  1154 | D        | Noticed a torpor snail
  1155 | D        | Killed a cane toad
  1156 | D        | Reached skill level 20 in Spellcasting
  1156 | D        | Noticed a catoblepas
  1184 | D        | Slain by a komodo dragon

Illustrated notes

Levels and vault maps discovered:
D:        linesprint [early_d, line_temple, items_1, d_10, items_2, lair_1,
          lair_end, items_3, orc_1, orc_end, items_4, d_15, swamp_1, shoals_1,
          snake_1, spider_1, d_20, vaults_1, items_5, swamp_end, shoals_end,
          snake_end, spider_end, vaults_end, d_27, items_6, zot_1, zot_end,
          crypt_end, forest_end, elf_end, slime_end, tomb_end, abyss_end,
          pan_hell_end]

Skill      XL: |  1  2  3  4  5  6  7  8  9 10 |
---------------+-------------------------------+-----
Spellcasting   | 5 8 9 12 13 15 16 19 20 | 20.0
Stealth        | 3 4 5 6 |  6.3
Dodging        | 3 4 5 6 7 |  7.5
Earth Magic    | 6 8 10 11 13 14 15 17 | 17.0
Fighting       | 1 2 |  2.4
Evocations     | 1 2 |  2.7
Conjurations   | 1 |  1.3
Transmutations | |  1.6

Action                   |  1- 3 |  4- 6 |  7- 9 | 10-12 || total
-------------------------+-------+-------+-------+-------++-------
 Cast: Sandblast         |    20 |     6 |     2 |       ||    28
       Lee's Rapid Decon |       |     3 |    14 |    11 ||    28
       Stone Arrow       |       |       |     2 |       ||     2
       Petrify           |       |       |       |     2 ||     2
Evoke: Wand              |       |       |     3 |       ||     3
  Use: Potion            |     1 |       |     1 |     1 ||     3
Armor: Robe              |       |     2 |     2 |     1 ||     5
Dodge: Dodged            |    10 |     6 |     9 |     2 ||    27

Table legend: (Time is in decaauts)
 A = Elapsed time spent in this place.
 B = Non-inter-level travel time spent in this place.
 C = Inter-level travel time spent in this place.
 D = Time resting spent in this place.
 E = Time spent auto-exploring this place.
 F = Levels seen in this place.
 G = Mean time per level.
                   A        B        C        D        E       F      G
               +--------+--------+--------+--------+--------+-----+--------+
         Total |   1197 |   1197 |      0 |    798 |     81 |   1 | 1197.0 |
       Dungeon |   1197 |   1197 |      0 |    798 |     81 |   1 | 1197.0 |
               +--------+--------+--------+--------+--------+-----+--------+

Top non-repeatable levels by time:
       D: 1197 daAuts
